 Dungeon Crawl Stone Soup version 0.31-a0-431-g88bdf31460 (webtiles) character file.

Game seed: 2157276645635285827

8 holysushi the Cutter (level 2, 24/24 HPs)
             Began as a Demonspawn Monk on July 31, 2023.
             Quit the game on level 1 of the Dungeon.
             The game lasted 00:00:22 (170 turns).

holysushi the Cutter (Demonspawn Monk)               Turns: 170, Time: 00:00:23

Health: 24/24      AC:  2    Str: 11    XL:     2   Next: 0%
Magic:  2/2        EV: 12    Int: 13    God:
Gold:   8          SH:  0    Dex: 15    Spells: 1/1 levels left

rFire   . . .        a - +0 short sword
rCold   . . .        d - orb {light}
rNeg    . . .        b - +0 robe
rPois   .            (no helmet)
rElec   .            (no cloak)
rCorr   .            (no gloves)
SInv    .            (no boots)
Will    .....        (no amulet)
Stlth   +            (no ring)
HPRegen 0.24/turn    (no ring)
MPRegen 0.08/turn

%: no passive effects
@: glowing
A: big brain 1
a: no special abilities


You were on level 1 of the Dungeon.
You visited 1 branch of the dungeon, and saw 1 of its levels.

You collected 8 gold pieces.

Inventory:

Hand Weapons
 a - a +0 short sword (weapon)
Armour
 b - a +0 robe (worn)
 d - an orb of light (worn)
Potions
 c - a potion of ambrosia


   Skills:
 - Level 3.0 Fighting
 + Level 3.2 Short Blades
 - Level 2.6 Dodging


You had one spell level left.
You didn't know any spells.
Your spell library was empty.

Dungeon Overview and Level Annotations

Branches:
Dungeon (1/15) Zot: 5833

Altars:


Innate Abilities, Weirdness & Mutations

You have an unusually large brain. (Int +2)


Message History

The bat hits you but does no damage.
You closely miss the bat. The bat barely misses you. The bat hits you.
You enter the shallow water.
Moving in this stuff is going to be slow.
The bat hits you but does no damage. The bat barely misses you.
You closely miss the bat. The bat misses you.
Your unstable footing causes you to fumble your attack.
The bat closely misses you.
You hit the bat.
The bat is severely wounded.
The bat barely misses you. x2
Your unstable footing causes you to fumble your attack.
The bat hits you but does no damage.
Your unstable footing causes you to fumble your attack.
The bat hits you.
Your unstable footing causes you to fumble your attack.
The bat hits you but does no damage. The bat barely misses you.
You enter the shallow water.
Moving in this stuff is going to be slow.
The bat closely misses you. The bat hits you.
The bat hits you but does no damage.
You barely miss the bat. The bat closely misses you.
You enter the shallow water.
Moving in this stuff is going to be slow.
The bat hits you. The bat misses you. The bat barely misses you.
The bat hits you but does no damage. The bat hits you.
You hit the bat.
You kill the bat!
You have reached level 2!
Your demonic ancestry asserts itself...
Your brain expands.
You now have 8 gold pieces.
You start resting.
HP restored.
Okay, then.
Unknown command.
Are you sure you want to abandon this character and quit the game? (Confirm with "yes".)

'..§.'..#..†.............#
#§≈≈§#~.#.~#.~...........###...
#.§≈§#~.#.~#8~.................
#.≈≈.#~.#.~#.~.###.###..####.....
#.≈≈.#~...~#.~.# #...##.#####....
#.≈≈.#~~~~~#8~.#####.............
############.~........###)##.....
......8..~.....##.# #.##.....
~~~~≈~~~~~..@...#.# #..#.....
..................####.#.....
####...............##.......
####.....................
.###.........###.....)...
..............# ###.......
#####.........# #.......
#.........# #......♣ #.........#
#......♣


There were no monsters in sight!

Vanquished Creatures
  2 bats (D:1)
  An endoplasm (D:1)
  A hobgoblin (D:1)
  A quokka (D:1)
  A frilled lizard (D:1)
  A kobold (D:1)
  A rat (D:1)
8 creatures vanquished.

Notes
Turn   | Place    | Note
-------+----------+-------------------------------------------
     0 | D:1      | holysushi the Demonspawn Monk began the quest for the Orb.
     0 | D:1      | Reached XP level 1. HP: 18/18 MP: 1/1
   151 | D:1      | Gained mutation: You have an unusually large brain. (Int
                  | +2) [demonic ancestry]
   151 | D:1      | Reached XP level 2. HP: 20/24 MP: 2/2
   170 | D:1      | Quit the game

Illustrated notes

Levels and vault maps discovered:
D:1:      lightli_arrival_isolated_outpost, layout_rooms, serial_forest,
          infiniplex_forest_end_1, infiniplex_forest_fountain,
          infiniplex_forest_clump_small, infiniplex_forest_diagonal,
          infiniplex_forest_clump_diagonal, infiniplex_forest_clump_diagonal,
          infiniplex_forest_lined_corner

Skill      XL: |  1 |
---------------+----+-----
Short Blades   | 3 |  3.2
Fighting       | |  3.0
Dodging        | |  2.6

Action                     || total
---------------------------++-------
  Melee: Short sword       ||    38
 Armour: Robe              ||    14
  Dodge: Dodged            ||    33

Table legend: (Time is in decaauts)
 A = Elapsed time spent in this place.
 B = Non-inter-level travel time spent in this place.
 C = Inter-level travel time spent in this place.
 D = Time resting spent in this place.
 E = Time spent auto-exploring this place.
 F = Levels seen in this place.
 G = Mean time per level.
                   A        B        C        D        E       F      G
               +--------+--------+--------+--------+--------+-----+--------+
         Total |    166 |    166 |      0 |      9 |     76 |   1 |  166.0 |
       Dungeon |    166 |    166 |      0 |      9 |     76 |   1 |  166.0 |
               +--------+--------+--------+--------+--------+-----+--------+

Top non-repeatable levels by time:
     D:1: 166 daAuts
